 Dungeon Crawl Stone Soup version 0.30-b1-2-g02819fbbbe (webtiles) character file.

Game seed: 1609153521635561976

3658 redmage the Thaumaturge (level 10, 0/79 HPs)
             Began as a Meteoran Ice Elementalist on July 26, 2023.
             Was an Initiate of Sif Muna.
             Succumbed to a kobold brigand's poison
             ... on level 9 of the Dungeon.
             The game lasted 00:28:40 (2354 turns).

redmage the Thaumaturge (Meteoran Ice Elementalist) Turns: 2354, Time: 00:28:41

Health: 0/79       AC: 17    Str: 11    XL:     10   Next: 59%
Magic:  20/25      EV: 11    Int: 21    God:    Sif Muna [......]
Gold:   244        SH:  0    Dex: 14    Spells: 18/29 levels left

rFire   . . .        e - +2 quarterstaff (chaos)
rCold   . . .        (shield currently unavailable)
rNeg    . . .        t - +2 ring mail {rPois}
rPois   +            (no helmet)
rElec   .            o - +0 cloak
rCorr   .            d - +1 pair of gloves
SInv    .            (no boots)
Will    +....        (no amulet)
Stlth   +            (no ring)
HPRegen 0.33/turn    (no ring)
MPRegen 0.19/turn

%: no passive effects
@: mighty, lethally poisoned (0 -> -2), ice-armoured, glowing
A: sense surroundings 2, otherworldly, glowing, explore regen
a: Renounce Religion


You were on level 9 of the Dungeon.
You worshipped Sif Muna.
Sif Muna was noncommittal.
You visited 2 branches of the dungeon, and saw 11 of its levels.

You collected 244 gold pieces.

Inventory:

Hand Weapons
 e - a +2 quarterstaff of chaos (weapon)
 i - a +1 whip of venom
Missiles
 f - 4 poisoned darts (quivered)
Armour
 d - a +1 pair of gloves (worn)
 o - a +0 cloak (worn)
 t - a +2 ring mail of poison resistance (worn)
Wands
 n - a wand of polymorph (6)
 s - a wand of flame (27)
Scrolls
 h - 2 scrolls of teleportation
 q - a scroll of brand weapon
Potions
 b - 2 potions of magic
 c - a potion of flight
 g - 2 potions of brilliance
 j - a potion of attraction
 k - a potion of might
 l - 2 potions of heal wounds
 p - a potion of curing
 r - 2 potions of mutation {unknown}


   Skills:
 - Level 4.2 Fighting
 + Level 6.2 Armour
 - Level 3.0 Dodging
 - Level 1.8 Stealth
 + Level 10.0 Spellcasting
 - Level 4.0 Summonings
 + Level 9.9 Ice Magic
 + Level 4.1 Invocations


You had 18 spell levels left.
You knew the following spells:

 Your Spells              Type           Power      Damage    Failure   Level
a - Freeze                Ice            100%       1d10      1%          1
b - Frozen Ramparts       Ice            100%       1d16      1%          3
c - Ozocubu's Armour      Ice            51%        N/A       1%          3
d - Summon Ice Beast      Ice/Summ       39%        N/A       8%          4

Your spell library contained the following spells:

 Spells                   Type           Power      Damage    Failure   Level
 Call Canine Familiar     Summ           27%        N/A       8%          3
 Portal Projectile        Hex/Tloc       20%        N/A       38%         3
 Leda's Liquefaction      Hex/Erth       5%         N/A       80%         4


Dungeon Overview and Level Annotations

Branches:
Dungeon (10/15) Zot: 3647  Temple (1/1) D:5 Zot: 564
   Lair: D:8-11         Orc: D:9-12

Altars:
Ashenzari
Cheibriados
Dithmenos
Elyvilon
Fedhas
Gozag
Hepliaklqana
Kikubaaqudgha
Makhleb
Nemelex Xobeh
Okawaru
Qazlal
Ru
Sif Muna
Trog
Uskayaw
Vehumet
Wu Jian
Xom
Yredelemnul
Zin
The Shining One

Annotations:
D:4 Grinder
D:5 3 runed translucent doors, FoCKShaftsOnD1's ghost, amateur MeEE


Innate Abilities, Weirdness & Mutations

You passively map the area around you.
You are easily found by Zot.
You glow in the dark.
You regain HP and MP as you explore.


Message History

You kill the killer bee!
Sif Muna accepts your kill.
The wall freezes the killer bee.
The killer bee stings you but does no damage.
The wall freezes the killer bee.
You kill the killer bee!
Sif Muna accepts your kill.
The orc priest mumbles some strange prayers to Beogh against you.
Beogh smites you!
The wall freezes the orc!
You kill the orc!
Sif Muna accepts your kill.
The wall freezes the kobold brigand.
The kobold brigand throws a poisoned dart.
The poisoned dart hits you.
You are poisoned.
The wall freezes the slime creature.
Your Spellcasting skill increases to level 10!
You hit the slime creature but do no damage.
The slime creature is moderately wounded.
You feel sick.
The wall freezes the killer bee.
A slime creature comes into view.
The wall freezes the orc priest!
The wall freezes the kobold brigand.
The orc priest invokes the aid of Beogh against you.
Beogh smites you!
* * * LOW HITPOINT WARNING * * *
The wall freezes the slime creature.
The slime creature hits you.
* * * LOW HITPOINT WARNING * * *
The wall freezes the killer bee!
Unknown command.
You sock the slime creature! You burn the slime creature!
The slime creature is almost dead.
The frozen ramparts melt away.
You feel sick.
The orc priest calls down the wrath of Beogh upon you.
Beogh smites you!
* * * LOW HITPOINT WARNING * * *
The slime creature closely misses you. x2
Unknown command.
You barely miss the slime creature.
The slime creature is severely wounded.
You die... #.## , , , ,, ...#######... ,...* .#.......# ..., * K..,* ...######## ..## ##JK ..........# ... {KK ...######## o.#yJ * #.## ##* JyK,

#.# #.
##J# ..#
#.###.@#
* #.#
#.#...##
* #.#
#.....#
*, #.#
#.....#
#.#
#..####
,*
#.####
#..# * *
#....#
#..# * ,
####.#
#..# *
#>#
#..###
,*


You could see a large slime creature, 3 slime creatures, a kobold brigand, 2
killer bees, an orc priest and 4 kobolds.

Vanquished Creatures
  A hornet (D:9)
  A blink frog (D:7)
  A shadow (D:9)
  A nameless horror (D:4)
  6 yaks (D:9)
  Eustachio (D:5)
  A wyvern (D:9)
  Menkaure (D:5)
  Edmund (D:5)
  Duvessa (D:4)
  2 water moccasins
  A sky beast (D:6)
  A black bear (D:4)
  2 ogres (D:4)
  A centaur (D:6)
  4 scorpions
  Dowan (D:4)
  2 killer bees (D:9)
  A crimson imp (D:6)
  A jelly (D:6)
  4 orc priests
  Crazy Yiuf (D:6)
  A gnoll bouda (D:6)
  2 sleepcaps
  2 iguanas (D:5)
  3 orc wizards
  4 gnolls
  8 adders
  A shadow imp (D:7)
  3 worms
  26 orcs
  2 ball pythons
  2 bats (D:2)
  An endoplasm (D:2)
  2 giant cockroaches (D:4)
  6 goblins
  2 hobgoblins
  8 jackals
  3 quokkas
  3 frilled lizards (D:2)
  6 kobolds
  A rat (D:2)
122 creatures vanquished.

Vanquished Creatures (collateral kills)
  An endoplasm (D:4)
  3 jackals (D:4)
4 creatures vanquished.

Grand Total: 126 creatures vanquished

Notes
Turn   | Place    | Note
-------+----------+-------------------------------------------
     0 | D:1      | redmage the Meteoran Ice Elementalist began the quest for
                  | the Orb.
     0 | D:1      | Reached XP level 1. HP: 14/14 MP: 5/5
    22 | D:2      | Reached XP level 2. HP: 19/20 MP: 2/6
   129 | D:2      | Reached skill level 3 in Spellcasting
   204 | D:1      | Reached XP level 3. HP: 20/26 MP: 5/8
   213 | D:1      | Learned a level 3 spell: Frozen Ramparts
   217 | D:1      | Learned a level 3 spell: Ozocubu's Armour
   251 | D:2      | Reached XP level 4. HP: 27/33 MP: 2/10
   330 | D:4      | Reached skill level 5 in Ice Magic
   338 | D:4      | Found an ornate altar of the Wu Jian Council.
   338 | D:4      | Found an ancient bone altar of Kikubaaqudgha.
   343 | D:4      | Found a shadowy altar of Dithmenos.
   345 | D:4      | Found a glowing silver altar of Zin.
   346 | D:4      | Found a sacrificial altar of Ru.
   363 | D:5      | Entered Level 5 of the Dungeon
   383 | D:4      | Noticed an ogre
   394 | D:4      | Killed an ogre
   395 | D:4      | Reached skill level 4 in Spellcasting
   395 | D:4      | Reached XP level 5. HP: 15/38 MP: 2/12
   401 | D:4      | Learned a level 4 spell: Summon Ice Beast
   418 | D:4      | Noticed Grinder
   442 | D:3      | Found a glowing golden altar of the Shining One.
   504 | D:4      | Reached skill level 1 in Summonings
   504 | D:4      | Reached XP level 6. HP: 37/45 MP: 6/14
   530 | D:4      | Noticed Duvessa
   531 | D:4      | Noticed Dowan
   535 | D:4      | Noticed a nameless horror
   542 | D:4      | Killed Dowan
   543 | D:4      | Reached skill level 5 in Spellcasting
   543 | D:4      | Killed Duvessa
   544 | D:4      | Reached XP level 7. HP: 14/50 MP: 1/16
   550 | D:4      | Killed a nameless horror
   662 | D:4      | Reached skill level 6 in Spellcasting
   662 | D:4      | Reached XP level 8. HP: 27/57 MP: 11/18
   801 | D:5      | Noticed FoCKShaftsOnD1's ghost (amateur MeEE)
   822 | D:5      | Found a runed translucent gate.
   822 | D:5      | Found a runed translucent gate.
   822 | D:5      | Found a runed translucent gate.
   856 | D:5      | Reached skill level 7 in Spellcasting
   972 | D:5      | Noticed Menkaure
   985 | D:5      | Killed Menkaure
  1063 | D:5      | Reached skill level 1 in Armour
  1063 | D:5      | Gained mutation: You passively map the area around you.
                  | [Meteoran growth]
  1063 | D:5      | Reached XP level 9. HP: 40/63 MP: 14/21
  1202 | D:6      | Reached skill level 1 in Fighting
  1279 | D:6      | Reached skill level 8 in Spellcasting
  1378 | D:7      | an ice beast changed into a blink frog
  1378 | D:7      | Noticed a blink frog
  1383 | D:7      | Killed a blink frog
  1683 | D:6      | Found a runed translucent door.
  1684 | D:6      | Noticed Crazy Yiuf
  1692 | D:6      | Killed Crazy Yiuf
  1871 | D:5      | Noticed Eustachio
  1879 | D:5      | Killed Eustachio
  2011 | D:5      | Found a staircase to the Ecumenical Temple.
  2011 | D:5      | Noticed Edmund
  2018 | D:5      | Killed Edmund
  2037 | Temple   | Entered the Ecumenical Temple
  2062 | Temple   | Became a worshipper of Sif Muna the Loreminder
  2233 | D:9      | Reached skill level 9 in Spellcasting
  2233 | D:9      | Reached XP level 10. HP: 59/78 MP: 17/24
  2254 | D:9      | Reached skill level 1 in Invocations
  2255 | D:9      | Reached skill level 5 in Armour
  2318 | D:10     | Entered Level 10 of the Dungeon
  2352 | D:9      | Reached skill level 10 in Spellcasting
  2353 | D:9      | HP: 2/79 [orc priest/divine providence (14)]
  2354 | D:9      | Succumbed to a kobold brigand's poison

Illustrated notes

Levels and vault maps discovered:
D:1:      lightli_molten_gateway, layout_basic, serial_forest,
          infiniplex_forest_end_2, infiniplex_forest_end_1,
          infiniplex_forest_side_room, infiniplex_forest_clump_C,
          infiniplex_forest_zigzag_1, infiniplex_forest_lined_1,
          infiniplex_forest_3_way, minmay_misc_feat_plants,
          minmay_misc_feat_doors
D:2:      kb_forest_paths, layout_rooms, chequers_serial_rivers_micro_c
D:3:      layout_loops_ring, mainiacjoe_overflow_brackets,
          shapermc_ecumenical_altar_pompeii
D:4:      layout_layer_cave, chequers_temple_overflow_minitemple, serial_rivers,
          chequers_serial_rivers_room_b, chequers_serial_rivers_small_3,
          chequers_serial_rivers_micro_d, chequers_serial_rivers_small_3,
          grunt_ministairs_3, chequers_serial_rivers_marsh, uniq_duvessa,
          uniq_grinder
D:5:      layout_loops_ring, minmay_temple_entry_fiery, gammafunk_ghost_icy,
          uniq_eustachio, uniq_menkaure, uniq_edmund
D:6:      layout_loops_cross, uniq_crazy_yiuf_cottage
D:7:      layout_basic, nicolae_ossuary_entry_plus
D:8:      black_bear_nest_2, layout_basic, hangedman_abyss_or_decor_lesser_grid
D:9:      layout_loops_ring, st_stairs_3, grunt_potential
D:10:     layout_small_grid, dpeg_oklobed_lair, gammafunk_ghost_nasty_kobolds,
          kennysheep_generic_room_12
Temple:   nicolae_temple_x_marks_the_god

Skill      XL: |  1  2  3  4  5  6  7  8  9 10 |
---------------+-------------------------------+-----
Spellcasting   | 3 4 5 6 7 9 10 | 10.0
Dodging        | 3 |  3.0
Ice Magic      | 5 6 8 9 |  9.9
Summonings     | 1 2 3 4 |  4.0
Armour         | 1 4 6 |  6.2
Fighting       | 4 |  4.2
Invocations    | 4 |  4.1
Stealth        | |  1.8

Action                     |  1- 3 |  4- 6 |  7- 9 | 10-12 || total
---------------------------+-------+-------+-------+-------++-------
  Melee: Unarmed           |     4 |       |       |       ||     4
         Whip              |     2 |    26 |    70 |       ||    98
         Punch             |       |       |     1 |       ||     1
         Quarterstaff      |       |       |    15 |    35 ||    50
  Throw: Dart              |       |       |     2 |       ||     2
   Cast: Freeze            |    21 |     6 |    27 |     1 ||    55
         Frozen Ramparts   |     1 |     8 |    32 |     5 ||    46
         Ozocubu's Armour  |     1 |     4 |    17 |     3 ||    25
         Summon Ice Beast  |       |     1 |     2 |       ||     3
  Evoke: Wand              |       |       |     4 |       ||     4
    Use: Potion            |       |     3 |       |     2 ||     5
         Scroll            |       |       |    15 |       ||    15
 Armour: Robe              |     6 |    16 |    43 |       ||    65
         Skin              |       |     2 |     5 |       ||     7
         Ring mail         |       |       |     4 |    21 ||    25
  Dodge: Dodged            |    13 |    24 |    70 |    14 ||   121
